 Dungeon Crawl Stone Soup version 0.28.0 (webtiles) character file.

Game seed: 15822177225687537624

832 fknight the Shield-Bearer (level 7, -5/68 HPs)
             Began as a Troll Fighter on Feb 19, 2022.
             Was an Initiate of Yredelemnul.
             Killed from afar by Dowan (20 damage)
             ... with a shard of ice
             ... on level 6 of the Dungeon.
             The game lasted 00:47:01 (5141 turns).

fknight the Shield-Bearer (Troll Fighter)           Turns: 5141, Time: 00:47:04

Health: -5/68      AC:  4    Str: 30    XL:     7   Next: 65%
Magic:  0/6        EV:  9    Int:  4    God:    Yredelemnul [......]
Gold:   332        SH:  7    Dex:  9    Spells: 6/6 levels left

rFire   + . .      SeeInvis .   n - staff of air
rCold   + . .      Faith    .   b - +0 kite shield
rNeg    . . .      Spirit   +   a - +0 robe
rPois   +          Reflect  .   (helmet restricted)
rElec   +          Harm     .   (no cloak)
rCorr   +          Rampage  .   (gloves unavailable)
Will    +....                   (boots unavailable)
Stlth   +.........              X - amulet of guardian spirit
HPRegen 1.01/turn               E - ring "Mirig" {rPois Str+3}
MPRegen 0.10/turn               q - ring of willpower

@: resistant
A: large, unfitting armour, claws 3, regeneration 1, shaggy fur 1, tough skin 1
a: Renounce Religion, Recall Undead Harvest


You were on level 6 of the Dungeon.
You worshipped Yredelemnul.
Yredelemnul was noncommittal.
You visited 1 branch of the dungeon, and saw 6 of its levels.

You collected 332 gold pieces.

Inventory:

Hand Weapons
 g - a +0 giant spiked club
 i - a +1 dagger
 k - a +0 hand axe
 l - a +0 shortbow of freezing
 r - a +0 great sword
 w - a +0 hunting sling
 C - a +0 hand axe
 H - a +0 spear
 M - a +0 long sword
 Q - a +0 spear
 V - a +0 flail
 W - a +0 whip
Missiles
 d - 27 sling bullets
 m - 198 stones (quivered)
 s - 80 arrows
 G - 60 bolts
 N - 4 poisoned darts
Armour
 a - a +0 robe (worn)
 b - a +0 kite shield (worn)
 f - a +0 chain mail
 h - a +0 buckler
 o - the +2 leather armour of Precision Catastrophes {rC+ rN+}
   (You found it on level 6 of the Dungeon)

   rC:        It protects you from cold.
   rN:        It protects you from negative energy.
 t - a +0 scale mail
 v - a +2 leather armour of fire resistance
 x - a +0 chain mail
 y - a +0 animal skin
 z - a +0 helmet
 A - a +0 leather armour
 B - a +0 chain mail
 D - a +2 pair of gloves
 F - a +0 leather armour
 I - a +0 chain mail
 J - a +0 chain mail
 S - a +0 leather armour
Magical Staves
 n - a staff of air (weapon)
Jewellery
 p - a ring of see invisible
 q - a ring of willpower (right claw)
 E - the ring "Mirig" (left claw) {rPois Str+3}
   (You acquired it on level 3 of the Dungeon)

   [ring of poison resistance]

   Str:       It affects your strength (+3).
   rPois:     It protects you from poison.
 P - a ring of positive energy
 X - an amulet of guardian spirit (around neck)
Wands
 Y - a wand of acid (10)
Scrolls
 e - a scroll of brand weapon {unknown}
Potions
 c - a potion of mutation {unknown}
 K - a potion of lignification {unknown}
 O - a potion of invisibility {unknown}
 T - 2 potions of brilliance
 U - a potion of flight


   Skills:
 + Level 3.9 Fighting
 + Level 2.7 Short Blades
 + Level 0.4(0.7) Axes
 + Level 0.9(1.6) Maces & Flails
 + Level 1.8(1.9) Staves
 + Level 0.8 Throwing
 + Level 4.0 Dodging
 + Level 0.8 Stealth
 + Level 4.2 Shields
 + Level 2.0 Unarmed Combat


You had 6 spell levels left.
You didn't know any spells.
Your spell library contained the following spells:

 Spells                   Type           Power      Damage    Failure   Level
 Freeze                   Ice            0%         1d3       78%         1
 Frozen Ramparts          Ice            0%         1d2       98%         3
 Gell's Gravitas          Tloc           0%         N/A       98%         3
 Inner Flame              Hex/Fire       0%         N/A       98%         3
 Teleport Other           Tloc           0%         N/A       98%         3
 Tukima's Dance           Hex            0%         N/A       98%         3
 Anguish                  Hex/Necr       0%         N/A       100%        4
 Cause Fear               Hex            0%         N/A       100%        4
 Hailstorm                Conj/Ice       0%         3d3       100%        4
 Dispersal                Tloc           0%         N/A       100%        6
 Enfeeble                 Hex            0%         N/A       100%        7
 Discord                  Hex            0%         N/A       100%        8


Dungeon Overview and Level Annotations

Branches:
Dungeon (6/15)             Temple (0/1) D:5

Altars:
Fedhas
Makhleb
Yredelemnul

Annotations:
D:6 Dowan


Innate Abilities, Weirdness & Mutations

You are too large for most types of armour.
You have claws for hands.
Your natural rate of healing is unusually fast.
You are covered in fur. (AC +1)
You have tough skin. (AC +1)


Message History

You hit Dowan.
Dowan is almost dead.
Dowan mumbles some strange words.
Dowan blinks!
You block Dowan's attack.
You closely miss Dowan.
Dowan is almost dead.
Dowan shakes with grief.
You block Dowan's attack. Dowan hits you with a +0 dagger.
* * * LOW HITPOINT WARNING * * *
You closely miss Dowan.
Dowan is almost dead.
Dowan points at you and mumbles some strange words.
The shard of ice hits you!
* * * LOW HITPOINT WARNING * * *
Dowan barely misses you.
Blink to where?
Press: ? - help, Q - select action, (/) - cycle Dir - move target
As you read the scroll of blinking, it crumbles to dust.
Dowan gestures at you while chanting. The stone arrow misses you.
You feel protected.
You barely miss Dowan.
Dowan is almost dead.
You block Dowan's attack.
You hit Dowan but do no damage.
Dowan is almost dead.
You block Dowan's attack.
Dowan gestures wildly while chanting.
Dowan blinks!
Dowan hits you with a +0 dagger.
* * * LOW HITPOINT WARNING * * *
Unknown command.
You barely miss Dowan.
Dowan is almost dead.
Dowan hits you with a +0 dagger.
* * * LOW HITPOINT WARNING * * *
Dowan gestures at you while chanting. The shard of ice hits you!!
You partially resist.
You die...
Your body rises from the dead as a mindless zombie.

###.#[.e.##+#'#
#.?...[........
#.#............
#.###.##.......
#.# #.# .....(.
#.# #.# ###....
#.# #.# ####
###e###.#
#.@.....#
#########


You could see Dowan (fast).

Vanquished Creatures
  Duvessa (D:6)
  An ice beast (D:5)
  An ogre (D:4)
  A phantom (D:5)
  A scorpion (D:5)
  A water moccasin zombie (D:5)
  A water moccasin skeleton (D:4)
  2 iguanas
  Robin (D:2)
  5 gnolls
  3 adders
  An adder skeleton (D:2)
  A worm (D:2)
  3 dart slugs
  3 orcs (D:5)
  3 endoplasms
  2 giant cockroaches (D:1)
  13 goblins
  8 hobgoblins
  3 kobolds
  6 quokkas
  8 ball pythons
  2 bats
  A frilled lizard (D:2)
  4 rats
76 creatures vanquished.

Vanquished Creatures (collateral kills)
  A centaur (D:4)
  A gnoll (D:3)
  2 orcs (D:5)
  2 ball pythons
  A bat (D:3)
  2 endoplasms
  A giant cockroach (D:1)
  A hobgoblin (D:3)
  2 quokkas
  2 frilled lizards (D:2)
  2 rats
17 creatures vanquished.

Vanquished Creatures (others)
  An elf zombie (D:6)
  An adder zombie (D:3)
  2 iguana zombies
  A bat zombie (D:2)
  A ball python zombie (D:4)
  A gnoll zombie (D:6)
  3 goblin zombies (D:2)
  3 hobgoblin zombies
  An orc zombie (D:5)
  A spectral endoplasm (D:2)
  A fungus (D:1)
  6 plants
22 creatures vanquished.

Grand Total: 115 creatures vanquished

Notes
Turn   | Place    | Note
-------+----------+-------------------------------------------
     0 | D:1      | fknight the Troll Fighter began the quest for the Orb.
     0 | D:1      | Reached XP level 1. HP: 22/22 MP: 0/0
   148 | D:1      | Reached XP level 2. HP: 21/29 MP: 1/1
   631 | D:1      | Found a faded altar of an unknown god.
   654 | D:1      | Prayed at the altar of an unknown god.
   654 | D:1      | Became a worshipper of Yredelemnul the Dark
   814 | D:1      | Reached * piety under Yredelemnul
   917 | D:1      | Reached XP level 3. HP: 36/36 MP: 2/2
  1038 | D:2      | Noticed Robin
  1080 | D:2      | Killed Robin
  1085 | D:2      | Your ally Robin died
  1262 | D:2      | Reached XP level 4. HP: 44/44 MP: 3/3
  1351 | D:2      | Reached skill level 1 in Short Blades
  2487 | D:3      | Identified a scroll of acquirement
  2487 | D:3      | Acquired the ring "Mirig" {rPois Str+3}
  2545 | D:3      | Reached XP level 5. HP: 35/52 MP: 4/4
  3014 | D:4      | Found a blossoming altar of Fedhas.
  3151 | D:4      | Noticed an ogre
  3329 | D:4      | Killed an ogre
  3330 | D:4      | Reached XP level 6. HP: 57/61 MP: 5/5
  4109 | D:5      | Entered Level 5 of the Dungeon
  4389 | D:5      | Reached XP level 7. HP: 67/67 MP: 6/6
  4542 | D:5      | Found a burning altar of Makhleb.
  4622 | D:5      | Found a staircase to the Ecumenical Temple.
  4682 | D:5      | Reached skill level 1 in Staves
  4754 | D:5      | You fall into a shaft and drop 1 floor!
  4820 | D:6      | Identified the +2 leather armour of Precision Catastrophes
                  | {rC+ rN+}
  5042 | D:6      | Noticed Duvessa
  5057 | D:6      | Killed Duvessa
  5098 | D:6      | Noticed Dowan
  5119 | D:6      | Your ally Duvessa died
  5127 | D:6      | HP: 2/68 [Dowan/shard of ice (15)]
  5141 | D:6      | Killed from afar by Dowan

Illustrated notes

Levels and vault maps discovered:
D:1:      scummos_arrival_simple_fountains, layout_loops_corners,
          shapermc_ecumenical_altar_hornbeckon
D:2:      layout_basic, uniq_robin
D:3:      layout_basic
D:4:      layout_basic, mainiacjoe_overflow_small_starburst
D:5:      corexii_shantytown, layout_rooms, amcnicky_altar_gilded,
          minmay_temple_entry_glass, minmay_misc_feat_hallway
D:6:      layout_basic, uniq_duvessa

Skill      XL: |  1  2  3  4  5  6  7 |
---------------+----------------------+-----
Shields        | 3 4 |  4.2
Short Blades   | 1 2 |  2.7
Dodging        | 3 4 |  4.0
Fighting       | 3 |  3.9
Staves         | 1 |  1.8
Axes           | |  0.4
Maces & Flails | |  0.9
Throwing       | |  0.8
Stealth        | |  0.8
Unarmed Combat | |  2.0

Action                   |  1- 3 |  4- 6 |  7- 9 || total
-------------------------+-------+-------+-------++-------
Melee: Club              |    65 |       |       ||    65
       Unarmed           |     1 |       |       ||     1
       Dagger            |   148 |   175 |       ||   323
       Staff             |       |    67 |    85 ||   152
       Hand axe          |       |     9 |       ||     9
Throw: Stone             |       |    20 |     5 ||    25
  Use: Potion            |     4 |       |     4 ||     8
       Scroll            |     2 |     5 |     3 ||    10
 Stab: Sleeping          |     1 |       |       ||     1
       Distracted        |       |       |     1 ||     1
Armor: Robe              |    60 |    62 |    12 ||   134
Dodge: Dodged            |    61 |    99 |    44 ||   204
Block: Kite shield       |    94 |    99 |    36 ||   229
